 Dungeon Crawl Stone Soup version 0.29.0-13-gc9e81de378 (webtiles) character file.

Game seed: 16552029365508206460

1135 funkygono the Firebug (level 8, -2/43 HPs)
             Began as a Gargoyle Fire Elementalist on Sept 11, 2022.
             Was an Initiate of Vehumet.
             Slain by an orc warrior
             ... wielding a +0 war axe
              (12 damage)
             ... on level 6 of the Dungeon.
             The game lasted 00:14:05 (8000 turns).

funkygono the Firebug (Gargoyle Fire Elementalist)  Turns: 8000, Time: 00:14:06

Health: -2/43      AC: 17    Str: 12    XL:     8   Next: 36%
Magic:  5/15       EV: 12    Int: 18    God:    Vehumet [......]
Gold:   1135       SH:  0    Dex: 10    Spells: 7/17 levels left

rFire   . . .      SeeInvis +   q - +2 whip
rCold   . . .      Faith    .   (no shield)
rNeg    + . .      Spirit   .   a - +0 robe
rPois   ∞          Reflect  .   y - +1 helmet
rElec   +          Harm     .   p - +1 cloak
rCorr   .          Rampage  .   h - +1 pair of gloves
Will    .....                   (no boots)
Stlth   ++........              (no amulet)
HPRegen 0.14/turn               d - +4 ring of protection
MPRegen 0.14/turn               i - ring of see invisible

@: very slightly contaminated
A: sickness immunity, AC +5, negative energy resistance 1, electricity
resistance, torment resistance 1, petrification resistance
a: Renounce Religion


You were on level 6 of the Dungeon.
You worshipped Vehumet.
Vehumet was noncommittal.
You visited 2 branches of the dungeon, and saw 8 of its levels.

You collected 1400 gold pieces.
You spent 265 gold pieces at shops.

Inventory:

Hand Weapons
 c - the +4 whip "Fies" {pain, Will- Str+2 SInv}
   (You bought it in a shop on level 2 of the Dungeon)

   In the hands of one skilled in necromantic magic, it inflicts extra damage on
   living creatures.
   Str:       It affects your strength (+2).
   SInv:      It lets you see invisible.
   Will:      It decreases your willpower.
 q - a +2 whip (weapon)
 u - a +0 flail
Missiles
 s - 2 throwing nets
Armour
 a - a +0 robe (worn)
 h - a +1 pair of gloves (worn)
 p - a +1 cloak (worn)
 y - a +1 helmet (worn)
Jewellery
 d - a +4 ring of protection (left hand)
 i - a ring of see invisible (right hand)
 w - an amulet of guardian spirit
Wands
 v - a wand of iceblast (13)
 x - a wand of light (1)
 z - a wand of charming (13)
Scrolls
 j - 3 scrolls of identify
 k - 2 scrolls of poison
 r - 2 scrolls of teleportation
Potions
 b - 2 potions of magic
 e - a potion of lignification
 f - 2 potions of haste
 g - a potion of mutation
 l - 6 potions of curing
 m - a potion of heal wounds
 n - 2 potions of cancellation
 o - 2 potions of invisibility
 t - 3 potions of brilliance


   Skills:
 + Level 1.5 Fighting
 + Level 1.6 Maces & Flails
 + Level 3.0 Dodging
 - Level 2.1 Stealth
 + Level 5.3 Spellcasting
 + Level 3.8 Conjurations
 + Level 6.5 Fire Magic


You had 7 spell levels left.
You knew the following spells:

 Your Spells              Type           Power      Damage    Failure   Level
a - Foxfire               Conj/Fire      92%        2x1d8     1%          1
b - Scorch                Fire           56%        2d7       1%          2
c - Conjure Flame         Conj/Fire      23%        6-21      4%          3
d - Flame Wave            Conj/Fire      23%        2d8       16%         4

Your spell library contained the following spells:

 Spells                   Type           Power      Damage    Failure   Level
 Inner Flame              Hex/Fire       16%        N/A       10%         3


Dungeon Overview and Level Annotations

Branches:
Dungeon (7/15)             Temple (1/1) D:5

Altars:
Cheibriados
Dithmenos
Elyvilon
Fedhas
Gozag
Hepliaklqana
Kikubaaqudgha
Makhleb
Nemelex Xobeh
Qazlal
Ru
Trog
Uskayaw
Vehumet
Wu Jian
Xom
Yredelemnul
The Shining One

Shops:
D:2 *!*=


Innate Abilities, Weirdness & Mutations

You are immune to sickness and miasma.
Your stone body is resilient. (AC +5)
You are immune to poison.
You resist negative energy. (rN+)
You are resistant to electric shocks. (rElec)
You are resistant to unholy torment.
You are immune to petrification.


Message History

Press: ? - help, Dir - look around, f - activate You miscast Flame Wave.
You are very lightly contaminated with residual magic.
Nothing appears to happen.
The foxfire hits the phantom but does no damage.
The phantom is lightly damaged.
The foxfire hits the phantom.
The phantom is lightly damaged.
The phantom hits you but does no damage.
The orc warrior hits you with a +0 war axe.
Casting: Flame Wave (quite dangerous; 16% risk of failure)
Confirm with . or Enter, or press ? or * to list all spells.
Okay, then.
Casting: Flame Wave (quite dangerous; 16% risk of failure)
Confirm with . or Enter, or press ? or * to list all spells.
You conjure some foxfire!
The orc warrior hits you with a +0 war axe.
The phantom hits you but does no damage.
Casting: Foxfire (safe; 1% risk of failure)
Confirm with . or Enter, or press ? or * to list all spells.
Flames lash the orc warrior.
The orc warrior is lightly wounded.
The orc warrior's fire resistance burns away.
The foxfire hits the phantom but does no damage.
The phantom is lightly damaged.
The foxfire hits the phantom.
The phantom is moderately damaged.
The phantom barely misses you.
The orc warrior hits you but does no damage.
The orc warrior attacks as you move away!
The orc warrior hits you with a +0 war axe.
* * * LOW HITPOINT WARNING * * *
The phantom attacks as you move away!
The phantom hits you but does no damage.
Casting: Scorch (safe; 1% risk of failure)
Confirm with . or Enter, or press ? or * to list all spells.
You conjure some foxfire!
The orc warrior is no longer more vulnerable to fire.
The orc warrior hits you with a +0 war axe!
You die...

.........................#...###.
............##..........##...##..
...##...................##...##..
...####..#<................#...[.
........)..................##....
........##.................#.....
..............>...............#..
.......#.####..oW..........##.###
.##............v@......#.........
.........).....v.................
....#......##................##..
.#.###................##..#.....#
##..##..........................#
...##...#................#.[.....
...##...#.......<........##....#.
#..##..........##..............#.
#.).......#........).##..........


You could see an orc warrior (ally target) and a phantom.

Vanquished Creatures
  A water moccasin (D:6)
  An ice beast (D:6)
  2 ogres
  A centaur (D:6)
  A necrophage (D:5)
  3 scorpions
  2 jellies
  3 hounds
  2 orc priests (D:3)
  An iguana (D:6)
  An orc wizard (D:3)
  6 gnolls
  3 adders
  A shadow imp (D:6)
  2 worms
  2 dart slugs (D:4)
  13 orcs
  12 ball pythons
  6 endoplasms
  9 giant cockroaches
  6 goblins
  8 hobgoblins
  7 jackals
  6 quokkas
  2 bats (D:1)
  5 frilled lizards
  5 kobolds
  8 rats
  A spectral hobgoblin (D:4)
120 creatures vanquished.

Vanquished Creatures (others)
  347 foxfires
  3 fungi (D:2)
350 creatures vanquished.

Grand Total: 470 creatures vanquished

Notes
Turn   | Place    | Note
-------+----------+-------------------------------------------
     0 | D:1      | funkygono the Gargoyle Fire Elementalist began the quest
                  | for the Orb.
     0 | D:1      | Reached XP level 1. HP: 10/10 MP: 3/3
   155 | D:1      | Reached XP level 2. HP: 14/15 MP: 3/5
   158 | D:1      | Learned a level 2 spell: Scorch
   839 | D:1      | Reached XP level 3. HP: 19/19 MP: 4/6
   847 | D:1      | Learned a level 3 spell: Conjure Flame
   996 | D:1      | Found a faded altar of an unknown god.
  1140 | D:2      | Found Jasuq's Jewellery Shoppe.
  1261 | D:2      | Found Gouraergh's Assorted Antiques.
  1309 | D:2      | Reached skill level 4 in Fire Magic
  1348 | D:2      | Found Kuxonoukh's General Store.
  1592 | D:2      | Found Ziamiemaer's Distillery.
  1662 | D:2      | Reached XP level 4. HP: 24/24 MP: 2/7
  2089 | D:2      | Bought a +0 cloak for 49 gold pieces
  2312 | D:3      | Found a sparkling altar of Nemelex Xobeh.
  2577 | D:3      | Reached XP level 5. HP: 28/28 MP: 1/9
  3630 | D:3      | Found an ornate altar of the Wu Jian Council.
  4207 | D:2      | Bought a helmet for 81 gold pieces
  4228 | D:2      | Learned a level 4 spell: Flame Wave
  4471 | D:4      | Reached XP level 6. HP: 31/33 MP: 6/10
  4692 | D:4      | Reached skill level 1 in Maces & Flails
  5174 | D:4      | Reached skill level 5 in Fire Magic
  5387 | D:4      | Reached skill level 1 in Fighting
  5789 | D:4      | Found a hazy altar of Hepliaklqana.
  5849 | D:5      | Entered Level 5 of the Dungeon
  5853 | D:5      | Found a staircase to the Ecumenical Temple.
  5862 | Temple   | Entered the Ecumenical Temple
  5883 | Temple   | Became a worshipper of Vehumet
  6043 | D:5      | Reached XP level 7. HP: 38/38 MP: 8/12
  6874 | D:6      | Reached XP level 8. HP: 35/43 MP: 1/15
  7126 | D:6      | Reached skill level 6 in Fire Magic
  7128 | D:6      | Reached skill level 5 in Spellcasting
  7686 | D:6      | Identified a scroll of acquirement
  7686 | D:6      | Acquired 982 gold pieces
  7802 | D:2      | Bought a brightly glowing whip for 135 gold pieces
  7802 | D:2      | Identified the +4 whip "Fies" {pain, Will- Str+2 SInv} (You
                  | bought it in a shop on level 2 of the Dungeon)
  8000 | D:6      | Slain by an orc warrior

Illustrated notes

Levels and vault maps discovered:
D:1:      heliophobic_arrival_henge, layout_loops_cross,
          shapermc_ecumenical_altar_mp_vishouse
D:2:      layout_loops_ring, serial_shops, shop, nicolae_shop_hallway_stairs,
          nicolae_square_shop, shop, minmay_shallow_snake_nest
D:3:      layout_basic, pdpol_wu_jian_five_deadly_venoms,
          mainiacjoe_overflow_24_doors
D:4:      layout_basic, nicolae_hepliaklqana_monster_ancestors, st_stairs_3
D:5:      layout_loops_ring, minmay_temple_entry_mini_moons
D:6:      layout_cave_pools, kennysheep_generic_room_6
D:7:      layout_loops_ring, nicolae_underground_beach, uniq_pikel,
          uniq_prince_ribbit1, uniq_joseph
Temple:   regret_index_temple_waves

Skill      XL: |  1  2  3  4  5  6  7  8 |
---------------+-------------------------+-----
Dodging        | 2 3 |  3.0
Fire Magic     | 4 5 6 |  6.5
Spellcasting   | 3 4 5 |  5.3
Conjurations   | 2 3 |  3.8
Maces & Flails | 1 |  1.6
Fighting       | 1 |  1.5
Stealth        | |  2.1

Action                   |  1- 3 |  4- 6 |  7- 9 || total
-------------------------+-------+-------+-------++-------
Melee: Club              |    27 |     6 |       ||    33
       Unarmed           |     1 |       |       ||     1
       Whip              |       |    38 |     8 ||    46
 Cast: Foxfire           |    42 |   117 |    42 ||   201
       Scorch            |     3 |     5 |    18 ||    26
  Use: Scroll            |       |    18 |     4 ||    22
 Stab: Sleeping          |     1 |       |       ||     1
Armor: Robe              |    12 |    38 |    15 ||    65
Dodge: Dodged            |    18 |    59 |    28 ||   105
